 Dungeon Crawl Stone Soup version 0.24.0-125-gc4c63601f3 (webtiles) character file.

Game seed: 4332367519916366588, levelgen mode: deterministic

91 shadizar the Gusty (level 4, 0/25 HPs)
             Began as a Tengu Air Elementalist on Mar 7, 2020.
             Slain by a worker ant (5 damage)
             ... on level 4 of the Dungeon.
             The game lasted 00:09:13 (3032 turns).

shadizar the Gusty (Tengu Air Elementalist)         Turns: 3032, Time: 00:09:13

Health: 0/25       AC:  3    Str:  8    XL:     4   Next: 59%
Magic:  5/8        EV: 12    Int: 16    God:
Gold:   234        SH:  3    Dex: 15    Spells: 7/8 levels left

rFire    . . .     SeeInvis .   b - +0 club
rCold    . . .     Gourm    .   x - +0 buckler
rNeg     . . .     Faith    .   a - +0 robe
rPois    .         Spirit   .   (helmet restricted)
rElec    .         Reflect  .   (no cloak)
rCorr    .         Harm     .   u - +0 pair of gloves
MR       .....                  (boots unavailable)
Stlth    ++........             (no amulet)
HPRegen  0.08/turn              (no ring)
MPRegen  0.11/turn              (no ring)

@: lethally poisoned (0 -> -3)
A: beak, talons 3
a: no special abilities


You were on level 4 of the Dungeon.
You were hungry.

You visited 1 branch of the dungeon, and saw 4 of its levels.

You collected 234 gold pieces.

Inventory:

Hand Weapons
 b - a +0 club (weapon)
 j - a +0 whip
 m - a +0 spear of distortion
 n - a +0 hunting sling
 y - a +3 short sword
Missiles
 k - 123 stones (quivered)
 l - 2 boomerangs
Armour
 a - a +0 robe (worn)
 u - a +0 pair of gloves (worn)
 x - a +0 buckler (worn)
Scrolls
 e - 2 scrolls of magic mapping {unknown}
 f - a scroll of teleportation {unknown}
 h - 6 scrolls of fog {unknown}
 i - a scroll of fear {unknown}
 p - a scroll of immolation {unknown}
 s - a scroll of noise {unknown}
 t - a scroll of remove curse {unknown}
 v - 4 scrolls of identify {unknown}
Potions
 d - a potion of ambrosia {unknown}
 g - 2 potions of lignification {unknown}
 q - 2 potions of agility {unknown}
 r - a potion of haste {unknown}
 w - a potion of flight {unknown}
 z - 2 potions of invisibility {unknown}
Comestibles
 c - 9 rations


   Skills:
 + Level 1.6 Fighting
 + Level 2.9 Dodging
 - Level 2.0 Stealth
 + Level 0.0 Shields
 + Level 2.6 Spellcasting
 + Level 2.6 Conjurations
 + Level 4.7 Air Magic


You had 7 spell levels left.
You knew the following spells:

 Your Spells              Type           Power        Failure   Level  Hunger
a - Shock                 Conj/Air       ##..         7%          1    #......

Your spell library contained the following spells:

 Spells                   Type           Power        Failure   Level  Hunger
 Swiftness                Chrm/Air       #.......     19%         2    ##.....
 Static Discharge         Conj/Air       ##......     22%         3    ###....
 Airstrike                Air            ###.......   41%         4    #####..
 Lightning Bolt           Conj/Air       ##........   89%         5    ######.


Dungeon Overview and Level Annotations

Branches:
Dungeon (4/15)
 Temple: D:4-7

Altars:


Innate Abilities, Weirdness & Mutations

You have a beak for a mouth.
You have claws for feet.


Message History

Okay, then.
Casting: Shock (safe; 7% risk of failure)
Confirm with . or Enter, or press ? or * to list all spells.
Okay, then.
Memorise Swiftness, consuming 2 spell levels and leaving 5?
The worker ant bites you.
Your memorisation is interrupted.
You are poisoned.
The worker ant poisons you!
You feel sick.
You feel sick. The worker ant closely misses you. The worker ant bites you.
You feel sick.
The worker ant bites you but does no damage.
You see here a chain mail.
You feel sick.
You feel sick. The worker ant closely misses you.
You feel sick.
You feel sick.
There is an escape hatch in the ceiling here.
The worker ant barely misses you. The worker ant bites you.
You die...

#.......# #.....# #.#..##.#
#...... #....##.# ###.###
#.#<###.# #.###
##.#.###.#####....
#............#.##.
#.##.#..####....#. ##
####.##......##......
#...###...@####..#.##....#.
#.).....a####..#.........
#.###.<.........[........
#....#.##########........
#######.#+# ####...##
..#....# #...# #.#.####
#...# ##.#.#### #...#
#.......# #...#


You could see a worker ant.

Vanquished Creatures
  2 worms (D:2)
  A dart slug (D:2)
  An orc (D:3)
  A ball python (D:3)
  9 bats
  A giant cockroach (D:3)
  11 goblins
  13 hobgoblins
  3 jackals (D:1)
  4 quokkas
  3 frilled lizards
  15 kobolds
  15 rats
79 creatures vanquished.

Notes
Turn   | Place    | Note
-------+----------+-------------------------------------------
     0 | D:1      | shadizar the Tengu Air Elementalist began the quest for the
                  | Orb.
     0 | D:1      | Reached XP level 1. HP: 10/10 MP: 4/4
   182 | D:1      | Reached XP level 2. HP: 11/16 MP: 3/6
   541 | D:1      | Reached XP level 3. HP: 14/20 MP: 1/7
   814 | D:1      | Reached skill level 1 in Fighting
  1981 | D:3      | Reached XP level 4. HP: 25/25 MP: 8/8
  2715 | D:3      | Found a faded altar of an unknown god.
  3032 | D:4      | Slain by a worker ant

Levels and vault maps discovered:
D:1:      dpeg_arrival_ratfight, layout_basic
D:2:      layout_loops_cross, minivault_24
D:3:      wad_river_or_something, layout_loops_ring, first_ration,
          chequers_ecumenical_altar_island
D:4:      layout_loops_cross, kennysheep_nondescript

Skill      XL: |  1  2  3 |
---------------+----------+-----
Conjurations   | 2 |  2.6
Fighting       | 1 |  1.6
Dodging        | |  2.9
Stealth        | |  2.0
Spellcasting   | |  2.6
Air Magic      | |  4.7

Action                   |  1- 3 |  4- 6 || total
-------------------------+-------+-------++-------
Melee: Unarmed           |     7 |       ||     7
       Club              |    53 |    71 ||   124
       Peck              |    10 |    10 ||    20
       Kick              |    10 |    15 ||    25
       Hunting sling     |       |     1 ||     1
 Fire: Hunting sling     |       |     6 ||     6
 Cast: Shock             |    67 |    16 ||    83
  Use: Potion            |       |     5 ||     5
 Stab: Sleeping          |     2 |     2 ||     4
  Eat: Chunk             |     2 |     2 ||     4
       Ration            |     1 |       ||     1
Armor: Robe              |    20 |    17 ||    37
Dodge: Dodged            |    72 |    65 ||   137
Block: Buckler           |       |     9 ||     9
